 Dungeon Crawl Stone Soup version 0.30-a0-857-gcaf70739d4 (webtiles) character file.

Game seed: 6458176483914590913

3235 Firecrotchwizard the Spear-Bearer (level 9, 0/62 (67) HPs)
             Began as a Merfolk Monk on Mar 6, 2023.
             Was a Priest of Hepliaklqana.
             Slain by Joseph
             ... wielding a +0 quarterstaff
              (11 damage)
             ... on level 8 of the Dungeon.
             The game lasted 00:20:58 (7676 turns).

Firecrotchwizard the Spear-Bearer (Merfolk Monk)    Turns: 7676, Time: 00:20:58

HP:   0/62 (67)     AC:  9    Str: 15    XL:     9   Next: 98%
MP:   13/13         EV: 16    Int: 10    God:    Hepliaklqana [***...]
Gold: 234           SH:  0    Dex: 22    Spells: 8/8 levels left

rFire   + . .      SeeInvis +    u - +1 trident (heavy)
rCold   . . .      Faith    .    (no shield)
rNeg    . . .      Spirit   .    y - +2 ring mail {rF+}
rPois   .          Reflect  .    v - +2 hat
rElec   .          Rampage  .    (no cloak)
rCorr   .                        (no gloves)
Will    .....                    (no boots)
Stlth   ++                       A - amulet of regeneration
HPRegen 1.10/turn                p - ring of see invisible {sInv, !d}
MPRegen 0.13/turn                q - +6 ring of dexterity

@: drained
A: reduced essence, (nimble swimmer 2), mertail
a: Renounce Religion, Recall Ancestor, Ancestor Identity, Transference


You were on level 8 of the Dungeon.
You worshipped Hepliaklqana.
Hepliaklqana was most pleased with you.
You visited 2 branches of the dungeon, and saw 9 of its levels.

You collected 364 gold pieces.
You spent 130 gold pieces at shops.

Inventory:

Hand Weapons
 r - a +0 trident
   (You found it on level 6 of the Dungeon)
 u - a +1 heavy trident (weapon)
   (You found it on level 4 of the Dungeon)
Missiles
 a - 10 boomerangs
 j - 31 poisoned darts
 s - 13 stones (quivered)
Armour
 b - a +0 robe
 m - a +0 helmet
   (You took it off Robin on level 2 of the Dungeon)
 n - a +1 animal skin
   (You took it off Robin on level 2 of the Dungeon)
 t - a +0 buckler
   (You bought it in a shop on level 3 of the Dungeon)
 v - a +2 hat (worn)
   (You found it on level 3 of the Dungeon)
 y - a +2 ring mail of fire resistance (worn)
   (You found it on level 4 of the Dungeon)
 J - a +0 scale mail
   (You took it off an orc on level 6 of the Dungeon)
Jewellery
 e - a ring of flight {+Fly, !d}
   (You found it on level 1 of the Dungeon)
 p - a ring of see invisible (left hand) {sInv, !d}
   (You found it on level 1 of the Dungeon)
 q - a +6 ring of dexterity (right hand)
   (You took it off an orc on level 3 of the Dungeon)
 x - an amulet of magic regeneration
   (You took it off a hobgoblin on level 3 of the Dungeon)
 A - an amulet of regeneration (around neck)
   (You found it on level 5 of the Dungeon)
 F - a ring of protection from fire {rF+, !d}
   (You found it on level 7 of the Dungeon)
 P - a ring of poison resistance {rPois, !d}
   (You found it on level 4 of the Dungeon)
 X - a ring of resist corrosion
   (You found it on level 4 of the Dungeon)
Wands
 d - a wand of digging (2)
   (You took it off a goblin on level 3 of the Dungeon)
 N - a wand of quicksilver (8)
   (You found it on level 7 of the Dungeon)
Scrolls
 g - 5 scrolls of identify {@r1}
 h - 2 scrolls of amnesia
 i - a scroll of brand weapon
 o - a scroll of noise {!r}
 D - a scroll of blinking {!r}
 E - 2 scrolls of fear
 V - 2 scrolls of vulnerability {!r!r}
Potions
 c - 3 potions of flight {unknown}
 f - a potion of resistance {unknown}
 l - 2 potions of degeneration {unknown}
 w - a potion of heal wounds {unknown}
 z - 2 potions of attraction {unknown}
 B - a potion of berserk rage {unknown}
 C - 2 potions of curing {unknown}
 G - 3 potions of ambrosia {!q}
 H - 3 potions of haste
 K - a potion of lignification {unknown}
 M - a potion of mutation {unknown}


   Skills:
 + Level 8.6 Fighting
 + Level 12.2 Polearms
 + Level 7.9 Dodging
 - Level 2.1 Stealth
 + Level 5.4 Invocations


You had 8 spell levels left.
You didn't know any spells.
Your spell library contained the following spells:

 Spells                   Type           Power      Damage    Failure   Level
 Apportation              Tloc           0%         N/A       58%         1
 Necrotise                Necr           0%         1d4       58%         1
 Slow                     Hex            0%         N/A       58%         1
 Summon Small Mammal      Summ           0%         N/A       58%         1
 Sublimation of Blood     Necr           0%         N/A       75%         2
 Wereblood                Tmut           0%         N/A       75%         2
 Call Canine Familiar     Summ           0%         N/A       92%         3
 Inner Flame              Hex/Fire       0%         N/A       92%         3
 Portal Projectile        Hex/Tloc       0%         N/A       92%         3
 Summon Guardian Golem    Hex/Summ       0%         N/A       92%         3
 Tukima's Dance           Hex            0%         N/A       92%         3
 Anguish                  Hex/Necr       0%         N/A       100%        4
 Blade Hands              Tmut           0%         N/A       100%        5
 Summon Hydra             Summ           0%         N/A       100%        7
 Discord                  Hex            0%         N/A       100%        8


Dungeon Overview and Level Annotations

Branches:
Dungeon (8/15)             Temple (1/1) D:5
   Lair: D:8-11

Altars:
Ashenzari
Cheibriados
Dithmenos
Elyvilon
Fedhas
Gozag
Hepliaklqana
Kikubaaqudgha
Okawaru
Ru
Sif Muna
Uskayaw
Wu Jian
Yredelemnul
Zin
The Shining One

Shops:
D:3 [

Annotations:
D:4 exclusions: black bear and goblin
D:5 1 runed translucent door, Demosthentine's ghost, novice DsGl
D:8 Joseph


Innate Abilities, Weirdness & Mutations

Your life essence is reduced to manifest your ancestor. (-10% HP)
((You are very nimble when in or above water. (Stealth+, EV+, Speed+++)))
Your lower body shifts to a powerful aquatic tail in water.


Message History

You swap places.
There is a stone staircase leading down here.
You climb downwards.
There is a stone staircase leading up, spattered with blood here.
As you read the scroll labelled MUQIBATT EKLO, it crumbles to dust.
Magic quickly surges around you.
It was a scroll of vulnerability.
V - 2 scrolls of vulnerability
p - a ring of see invisible (left hand) {sInv, !d}
As you read the scroll labelled NAUJU NIOLARI, it crumbles to dust.
You hear a loud clanging noise!
It was a scroll of noise.
You hear a shout! x7
As you read the scroll labelled OCEFAX VEIPH, it crumbles to dust.
You assume a fearsome visage.
Nothing appears to happen.
It was a scroll of fear.
E - 2 scrolls of fear
As you read the scroll labelled UFISUU OPYIC, it crumbles to dust.
It is a scroll of identify.
w - 3 potions of haste;
H - 3 potions of haste;
w - a bubbling puce potion
As you read the scroll labelled XATONU QUMISIASM, it crumbles to dust.
It is a scroll of amnesia.
You feel forgetful for a moment.
As you read the scroll labelled YDURELL JILIYH, it crumbles to dust.
It is a scroll of enchant weapon.
Your +0 heavy trident glows red for a moment.
s - 13 stones (gained 5)
You swap places.
Maggie the Vainglorious comes into view.
She is wielding a +0 scimitar of flaming.
You start waiting.
Maggie is nearby!
Maggie barely misses Cynebald.
Cynebald hits Maggie but does no damage.
You reach to attack!
You impale Maggie!!
Maggie gestures wildly while chanting.
Maggie attempts to bespell you!
You are mesmerised by Maggie!
Cynebald hits Maggie with a +0 flail.
You reach to attack!
You puncture Maggie!
Maggie hits Cynebald with a +0 scimitar of flaming.
Maggie burns Cynebald.
You reach to attack!
You impale Maggie!!
You break out of your daze!
You kill Maggie!
No target in view!
You swap places.
Things that are here:
a +0 scimitar of flaming; +0 acid dragon scales
Items here: a +0 scimitar of flaming; +0 acid dragon scales.
The floor, spattered with blood.
You feel your willpower return.
Found a stone staircase leading down.
MP restored: 13 Joseph, a Mercenary comes into view.
He is wielding a +0 quarterstaff.
Joseph unwields a +0 quarterstaff.
Joseph wields a +0 sling.
Joseph shoots a sling bullet.
The sling bullet hits you.
You take 5 damage, and have 62/67 hp.
A wight comes into view. It is wielding a +2 spear.
A wight comes into view. It is wielding a +3 mace.
A wight comes into view. It is wielding a +1 dagger of freezing.
You regained 2 hp, and now have 66/67 hp.
Health restored: 67 You reach to attack!
You hit the wight. The wight hits you but does no damage.
A wight comes into view. It is wielding a +0 long sword.
You reach to attack!
You puncture the wight! The wight closely misses you.
Joseph says, "I've waited for this moment for such a long time."
Joseph drinks a potion.
Joseph seems to speed up.
You swap places.
The wight hits you with a +2 spear.
You feel drained.
Joseph shoots a sling bullet.
The sling bullet barely misses you.
You take 1 damage, and have 66/66 hp.
Reach: u) +1 trident (heavy)
Aim: Joseph, wielding a +0 sling and wearing a +0 leather armour (fast, about 28% to evade your +1 heavy trident)
You reach to attack!
You puncture Joseph! The wight hits you with a +2 spear.
You feel drained.
Joseph shoots a sling bullet.
The sling bullet hits you!
You take 13 damage, and have 53/64 hp.
MASSIVE DAMAGE!!
The wight attacks as you move away! The wight misses you.
Joseph smiles happily.
Joseph unwields a +0 sling.
Joseph wields a +0 quarterstaff.
Joseph barely misses you. The wight closely misses you.
Cynebald hits the wight with a +0 flail.
You impale Joseph!! Joseph hits you with a +0 quarterstaff!
The wight closely misses you. The wight misses you.
Joseph hits you with a +0 quarterstaff!
Cynebald hits the wight with a +0 flail.
You take 26 damage, and have 28/64 hp.
MASSIVE DAMAGE!!
You barely miss Joseph. The wight closely misses you.
Joseph hits you with a +0 quarterstaff! The wight barely misses you.
You take 7 damage, and have 21/64 hp.
You puncture Joseph! Joseph hits you with a +0 quarterstaff!
* * * LOW HITPOINT WARNING * * *
The wight hits you from afar with a +2 spear.
* * * LOW HITPOINT WARNING * * *
You feel drained.
Cynebald hits the wight with a +0 flail!
Joseph hits you with a +0 quarterstaff!
You die...

**,,,* **..,#..***##............#
,,,,,* *...#..#* ##).......<.#.#
~~~,,** *...#...###..##.....###*#
~~~,,,***........#..##......# *
*~~,*,,,,...........##......#* **
*~~,*,,,,.........###........#**,
*~~,,,,,,.........#...........,,,
*~~,*,*,,,.>.###@....#.......,,,,
*~~,,,**,,@.,#.#@...###.....,,*,,
,~~,,,***,.,<#.zz..##***,,*,,**,,
,~~,,,,*,,#...z#R.##*,*+*,,*,,,,,
,~~,,,,,,,#....#.##*,_,***,*,,,,,
,~~,,,,,...##.#...***,*+*,,*,,,,,
,~~,,,,,..,*..*....*****,,,,,,,,,
,~~,*,,,.,,..#*#.#..***,,,,,,,,,,
,~~,**,,,,...**#.##..*,,***,,,,,,
,~~,*,,,,....**,..,...,,,***,,,,,


You could see the friendly Cynebald the knight, Joseph (fast) and 3 wights.

Vanquished Creatures
  Maggie (D:8)
  A hornet (D:7)
  3 ice beasts
  A water moccasin (D:6)
  An orc warrior (D:6)
  A sky beast (D:7)
  A phantom (D:4)
  3 bullfrogs (D:7)
  3 scorpions
  4 killer bees (D:7)
  4 howler monkeys
  6 jellies
  5 hounds
  3 orc priests
  Jessica (D:2)
  2 iguanas
  An orc wizard (D:3)
  Robin (D:2)
  4 gnolls (D:2)
  4 adders
  2 white imps (D:6)
  An ufetubus (D:4)
  4 worms (D:2)
  A dart slug (D:5)
  25 orcs
  10 ball pythons
  7 endoplasms
  4 giant cockroaches
  17 goblins
  9 hobgoblins
  14 jackals
  11 kobolds
  5 quokkas
  12 bats
  A frilled lizard (D:1)
  5 rats
178 creatures vanquished.

Vanquished Creatures (collateral kills)
  An ogre (D:7)
  2 black bears
  A kobold brigand (D:7)
  A bullfrog (D:7)
  A scorpion (D:5)
  2 killer bees (D:7)
  2 hounds
  An iguana (D:5)
  4 orcs (D:6)
  3 kobolds (D:7)
18 creatures vanquished.

Vanquished Creatures (others)
  2 knights
2 creatures vanquished.

Grand Total: 198 creatures vanquished

Notes
Turn   | Place    | Note
-------+----------+-------------------------------------------
     0 | D:1      | Firecrotchwizard the Merfolk Monk began the quest for the
                  | Orb.
     0 | D:1      | Reached XP level 1. HP: 18/18 MP: 1/1
     2 | D:1      | Noticed an ogre
     2 | D:1      | Noticed a vampire
     4 | D:1      | Noticed a felid
     4 | D:1      | Noticed a spriggan
     6 | D:1      | Noticed a demigod
     6 | D:1      | Noticed a merfolk
     8 | D:1      | Noticed a minotaur
     8 | D:1      | Noticed an armataur
    10 | D:1      | Noticed a vine stalker
    10 | D:1      | Noticed a draconian
    12 | D:1      | Noticed an elf
    12 | D:1      | Noticed a ghoul
    14 | D:1      | Noticed a naga
    16 | D:1      | Noticed a tengu
    18 | D:1      | Noticed a demonspawn
    18 | D:1      | Noticed a meteoran
    20 | D:1      | Noticed a troll
    22 | D:1      | Noticed an octopode
    22 | D:1      | Noticed a gargoyle
    24 | D:1      | Noticed a meteoran
    24 | D:1      | Noticed a formicid
    26 | D:1      | Noticed a felid
    26 | D:1      | Noticed a vampire
    74 | D:1      | Reached XP level 2. HP: 18/24 MP: 2/2
   439 | D:1      | Reached skill level 5 in Polearms
   455 | D:1      | Reached XP level 3. HP: 30/30 MP: 3/3
  1122 | D:2      | Found a faded altar of an unknown god.
  1285 | D:2      | Reached skill level 4 in Fighting
  1293 | D:2      | HP: 7/30 [kobold/+0 short sword (3)]
  1472 | D:2      | Reached XP level 4. HP: 24/37 MP: 4/4
  1516 | D:2      | Noticed Jessica
  1526 | D:2      | Killed Jessica
  1527 | D:2      | Reached skill level 6 in Polearms
  1818 | D:2      | Noticed Robin
  2098 | D:2      | HP: 7/37 [worm (7)]
  2290 | D:2      | Reached XP level 5. HP: 43/43 MP: 5/5
  2306 | D:2      | Killed Robin
  2647 | D:3      | Reached skill level 7 in Polearms
  2844 | D:3      | Reached XP level 6. HP: 27/50 MP: 6/6
  3000 | D:3      | Found Ynesal Uvie's Antique Armour Boutique.
  3008 | D:3      | Bought a buckler for 130 gold pieces
  3057 | D:3      | You fall into a shaft and drop 1 floor!
  3383 | D:3      | Found an iron altar of Okawaru.
  3618 | D:4      | Reached skill level 5 in Fighting
  3618 | D:4      | Reached skill level 8 in Polearms
  3698 | D:4      | Noticed a black bear
  3728 | D:4      | Found an ornate altar of the Wu Jian Council.
  3954 | D:4      | Noticed an ice beast
  3967 | D:4      | Reached XP level 7. HP: 48/56 MP: 7/7
  3986 | D:4      | Reached skill level 9 in Polearms
  4218 | D:4      | Got Sif Muna's Parchment of Obstruction
  4270 | D:4      | HP: 4/57 [orc priest/divine providence (14)]
  4573 | D:4      | Reached skill level 6 in Fighting
  4837 | D:5      | Entered Level 5 of the Dungeon
  4918 | D:5      | Found a runed translucent door.
  4918 | D:5      | Noticed Demosthentine's ghost (novice DsGl)
  5123 | D:5      | Reached skill level 10 in Polearms
  5123 | D:5      | Reached XP level 8. HP: 65/65 MP: 8/8
  5249 | D:5      | Found a staircase to the Ecumenical Temple.
  5255 | Temple   | Entered the Ecumenical Temple
  5263 | Temple   | Became a worshipper of Hepliaklqana the Forgotten
  5263 | Temple   | Reached * piety under Hepliaklqana
  5263 | Temple   | Reached ** piety under Hepliaklqana
  5264 | Temple   | Remembered your ancestor Cynebald as a knight
  5418 | D:5      | Reached skill level 1 in Invocations
  5476 | D:5      | Found a hide-covered altar of Uskayaw.
  5676 | D:5      | Identified the +2 dagger of Insufficient Pleasure {spect,
                  | *Corrode Str+8 Int+2}
  6068 | D:6      | Reached skill level 7 in Fighting
  6068 | D:6      | Reached skill level 5 in Dodging
  6068 | D:6      | Reached skill level 2 in Invocations
  6503 | D:6      | Reached skill level 11 in Polearms
  6536 | D:6      | Found a glowing silver altar of Zin.
  6536 | D:6      | Noticed an angel
  6551 | D:6      | Reached skill level 3 in Invocations
  6833 | D:7      | Reached XP level 9. HP: 64/64 MP: 11/11
  6854 | D:7      | Reached skill level 6 in Dodging
  6943 | D:7      | Found an opulent altar of Gozag.
  7049 | D:7      | Reached skill level 4 in Invocations
  7078 | D:7      | Reached skill level 8 in Fighting
  7088 | D:7      | HP: 16/66 [poisoned by a killer bee]
  7093 | D:7      | HP: 16/66 [poisoned by a killer bee]
  7232 | D:7      | Reached skill level 7 in Dodging
  7312 | D:7      | Found a snail-covered altar of Cheibriados.
  7356 | D:7      | Reached *** piety under Hepliaklqana
  7536 | D:7      | Reached skill level 12 in Polearms
  7581 | D:8      | Noticed a hornet
  7592 | D:7      | Killed a hornet
  7593 | D:7      | Reached skill level 5 in Invocations
  7641 | D:8      | Noticed Maggie
  7649 | D:8      | Killed Maggie
  7663 | D:8      | Noticed Joseph
  7676 | D:8      | HP: 15/64 [Joseph/+0 quarterstaff (8)]
  7676 | D:8      | Slain by Joseph

Illustrated notes

Levels and vault maps discovered:
D:1:      kb_arrival_jail, layout_basic, minivault_24, chequers_decorated_corner
D:2:      layout_rooms, basic_ecumenical_altar, nicolae_wormholes, uniq_jessica,
          uniq_robin
D:3:      layout_rooms, okawaru_altar_gauntlet_db, serial_shops,
          nicolae_lakefront_shop
D:4:      minmay_recursive_quarters, layout_basic,
          nicolae_overflow_crystal_walls
D:5:      layout_basic, lemuel_doored_altar, minmay_temple_entry_fiery,
          gammafunk_ghost_grave
D:6:      layout_basic, zin_angel, nicolae_elevator_lobby_plus
D:7:      layout_basic, grunt_gozag_statues, cheibriados_altar_1
D:8:      layout_cave_pools, nemelex_diamond_rough_becter,
          gammafunk_ghost_gnarly_gnolls, uniq_psyche, uniq_joseph, uniq_maggie
Temple:   nicolae_temple_two_arcs

Skill      XL: |  1  2  3  4  5  6  7  8  9 |
---------------+----------------------------+-----
Polearms       | 5 6 7 8 10 11 12 | 12.2
Fighting       | 4 5 6 7 8 |  8.6
Invocations    | 3 5 |  5.4
Dodging        | 5 7 |  7.9
Stealth        | |  2.1

Action                     |  1- 3 |  4- 6 |  7- 9 || total
---------------------------+-------+-------+-------++-------
  Melee: Spear             |   143 |   238 |       ||   381
         Punch             |     1 |     5 |     5 ||    11
         Short sword       |       |    15 |       ||    15
         Trident           |       |    96 |   340 ||   436
  Throw: Stone             |    11 |    42 |    73 ||   126
 Invoke: Ancestor Life: Kn |       |       |     1 ||     1
         Ancestor Identity |       |       |     1 ||     1
    Use: Scroll            |       |       |    10 ||    10
   Stab: Sleeping          |    10 |     4 |     3 ||    17
         Distracted        |       |       |     5 ||     5
 Armour: Robe              |    22 |     5 |       ||    27
         Animal skin       |       |    34 |       ||    34
         Ring mail         |       |    14 |    58 ||    72
  Dodge: Dodged            |    72 |   152 |   134 ||   358

Table legend: (Time is in decaauts)
 A = Elapsed time spent in this place.
 B = Non-inter-level travel time spent in this place.
 C = Inter-level travel time spent in this place.
 D = Time resting spent in this place.
 E = Time spent auto-exploring this place.
 F = Levels seen in this place.
 G = Mean time per level.
                   A        B        C        D        E       F      G
               +--------+--------+--------+--------+--------+-----+--------+
         Total |   7525 |   7207 |    318 |   1313 |   4137 |   9 |  836.1 |
       Dungeon |   7484 |   7184 |    300 |   1313 |   4117 |   8 |  935.5 |
        Temple |     41 |     23 |     18 |      0 |     20 |   1 |   41.0 |
               +--------+--------+--------+--------+--------+-----+--------+

Top non-repeatable levels by time:
     D:2: 1346 daAuts
     D:4: 1328 daAuts
     D:1: 1207 daAuts
     D:5: 965 daAuts
     D:6: 948 daAuts
     D:3: 859 daAuts
     D:7: 761 daAuts
     D:8: 67 daAuts
  Temple: 41 daAuts

Table legend:
 A = Kills in this place as a percentage of kills in the entire game.
 B = Kills by you in this place as a percentage of kills by you in the entire game.
 C = Kills by friends in this place as a percentage of kills by friends in the entire game.
 D = Other kills in this place as a percentage of other kills in the entire game.
 E = Experience gained in this place as a percentage of experience gained in the entire game.
 F = Experience gained in this place divided by the number of levels of this place that you have seen.
                   A       B       C       D       E      F
               +-------+-------+-------+-------+-------+----------------------
         Total | 100.0 | 100.0 | 100.0 |   N/A | 100.0 | 513.6
       Dungeon | 100.0 | 100.0 | 100.0 |   N/A | 100.0 | 577.8
               +-------+-------+-------+-------+-------+----------------------
